 Dungeon Crawl Stone Soup version 0.19.5 (webtiles) character file.

15 miragecloak the Insei (level 2, -2/18 HPs)
             Began as an Octopode Transmuter on May 10, 2017.
             Slain by a hobgoblin (5 damage)
             ... on level 1 of the Dungeon.
             The game lasted 00:00:27 (491 turns).

miragecloak the Insei (Octopode Transmuter)          Turns: 491, Time: 00:00:28

Health: -2/18      AC:  1    Str:  9    XL:     2   Next: 50%
Magic:  4/5        EV: 13    Int: 15    God:
Gold:   9          SH:  0    Dex: 12    Spells: 1 memorised, 4 levels left

rFire  . . .     SeeInvis .       - Unarmed
rCold  . . .     Gourm    .     (no shield)
rNeg   . . .     Faith    .     (helmet restricted)
rPois  .         Spirit   .     (no amulet)
rElec  .         Reflect  .     (no ring)
rCorr  .         Harm     .     (no ring)
MR     .....                    (no ring)
Stlth  ++........               (no ring)
                                (no ring)
                                (no ring)
                                (no ring)
                                (no ring)

@: appendage
A: almost no armour, stealthy swim, amphibious, 8 rings, constrict 8, tentacle
spike 3, camouflage 1, gelatinous body 1
a: End Transformation


You were on level 1 of the Dungeon.
You were not hungry.
One of your tentacles had a temporary spike.
You visited 1 branch of the dungeon, and saw 1 of its levels.

You collected 9 gold pieces.

Inventory:

Missiles
 a - 12 arrows
Scrolls
 e - 3 scrolls of recharging {unknown}
Potions
 f - a potion of flight {unknown}
Books
 b - a book of Changes

   Spells                             Type                      Level
   a - Beastly Appendage              Transmutation                1
   b - Sticks to Snakes               Transmutation                2
   c - Spider Form                    Transmutation/Poison         3
   d - Ice Form                       Ice/Transmutation            4
   e - Blade Hands                    Transmutation                5
Comestibles
 c - 2 bread rations
 d - 5 chunks of flesh


   Skills:
 - Level 1.0 Fighting
 - Level 2.0 Dodging
 - Level 3.0 Unarmed Combat
 - Level 2.0 Spellcasting
 + Level 3.0 Transmutations


You had 4 spell levels left.
You knew the following spells:

 Your Spells              Type           Power        Failure   Level  Hunger
a - Beastly Appendage     Tmut           ##....       8%          1    #......


Dungeon Overview and Level Annotations

Branches:
Dungeon (1/15)

Altars:


Innate Abilities, Weirdness & Mutations

You cannot wear most types of armour.
You are very stealthy in the water. (Stealth+)
You are amphibious.
You can wear up to eight rings at the same time.
You can use your tentacles to constrict eight enemies at once.
Your skin changes colour to match your surroundings (Stealth+).
Your rubbery body absorbs attacks. (AC +1, EV +1)
One of your tentacles bears a large vicious spike.


Message History

One of your tentacles grows a vicious spike.
The bat hits you.
* * * LOW HITPOINT WARNING * * *
The hobgoblin closely misses you.
A rat comes into view.
You barely miss the hobgoblin. Your grab misses the hobgoblin.
You pierce the hobgoblin.
The hobgoblin is moderately wounded.
The bat closely misses you. The hobgoblin barely misses you.
You barely miss the hobgoblin. You grab the hobgoblin.
You squeeze the hobgoblin.
The hobgoblin is almost dead.
You constrict the hobgoblin, but do no damage.
The bat completely misses you. The hobgoblin misses you.
You barely miss the hobgoblin.
The hobgoblin is almost dead.
You constrict the hobgoblin, but do no damage.
The bat hits you but does no damage. The rat barely misses you.
The hobgoblin hits you.
You die...

.... ..) ..
#####'#
#.....##
#......
#..rg#
#####..@.#
#......b.#
#........#
#....†..##
#.......#
#.......#
#...((..#####
#.....!......
#####.######


You could see a hobgoblin, a bat and a rat.

Vanquished Creatures
  2 dart slugs (D:1)
  A leopard gecko (D:1)
  2 giant cockroaches (D:1)
  3 hobgoblins (D:1)
  A kobold (D:1)
9 creatures vanquished.

Notes
Turn   | Place    | Note
-------+----------+-------------------------------------------
     0 | D:1      | miragecloak the Octopode Transmuter began the quest for the Orb.
     0 | D:1      | Reached XP level 1. HP: 13/13 MP: 3/3
   410 | D:1      | Reached XP level 2. HP: 18/18 MP: 3/5
   491 | D:1      | Slain by a hobgoblin

Skill      XL: |  1  2 |
---------------+-------+-----
Transmutations | 3 |  3.0
Fighting       | |  1.0
Dodging        | |  2.0
Unarmed Combat | |  3.0
Spellcasting   | |  2.0

Action                   || total
-------------------------++-------
Melee: Unarmed           ||    29
       Constrict         ||     8
       Kick              ||     6
       Tentacles         ||     5
 Cast: Beastly Appendage ||     7
 Stab: Sleeping          ||     4
Armor: Skin              ||     5
Dodge: Dodged            ||    20
